 Dungeon Crawl Stone Soup version 0.22-b1-26-g9dbaab1112 (webtiles) character file.

1337 IceCat the Basher (level 8, -1/48 HPs)
             Began as a Gargoyle Fighter on Aug 9, 2018.
             Was an Initiate of Okawaru.
             Killed from afar by an orc wizard (7 damage)
             ... with a magic dart
             ... on level 4 of the Dungeon.
             The game lasted 00:08:40 (3390 turns).

IceCat the Basher (Gargoyle Fighter)                Turns: 3390, Time: 00:08:40

Health: -1/48      AC: 17    Str: 21    XL:     8   Next: 61%
Magic:  8/8        EV:  4    Int: 10    God:    Okawaru [......]
Gold:   210        SH: 10    Dex:  9    Spells: 7/7 levels left

rFire    x . .     SeeInvis .   d - +0 flail (crush)
rCold    + . .     Gourm    .   c - +0 shield
rNeg     + . .     Faith    .   k - +0 plate armour
rPois    ∞         Spirit   .   (no helmet)
rElec    +         Reflect  .   (no cloak)
rCorr    +         Harm     .   (no gloves)
MR       .....                  (no boots)
Stlth    ..........             (no amulet)
HPRegen  0.16/turn              j - ring of ice
MPRegen  0.11/turn              u - ring of resist corrosion

@: no status effects
A: negative energy resistance 1, electricity resistance, unbreathing,
petrification resistance, rot immunity, AC +5
a: Renounce Religion


You were on level 4 of the Dungeon.
You worshipped Okawaru.
Okawaru was noncommittal.
You were hungry.

You visited 2 branches of the dungeon, and saw 5 of its levels.

You collected 210 gold pieces.

Inventory:

Hand Weapons
 a - a +0 flail
 d - a +0 flail of crushing (weapon)
 w - a +1 whip of flaming
Armour
 b - a +0 scale mail
 c - a +0 shield (worn)
 k - a +0 plate armour (worn)
Jewellery
 j - a ring of ice (left hand)
 u - a ring of resist corrosion (right hand)
 x - an uncursed amulet of rage {unknown}
Wands
 v - a wand of random effects (22)
Scrolls
 g - 3 scrolls of remove curse {unknown}
 h - 3 scrolls of teleportation {unknown}
 m - 2 scrolls of immolation {unknown}
 o - a scroll of enchant armour {unknown}
 p - a scroll of amnesia {unknown}
 q - 2 scrolls of blinking {unknown}
 r - 4 scrolls of identify {unknown}
Potions
 e - 3 potions of agility {unknown}
 i - 2 potions of flight {unknown}
 l - 3 potions of curing
 n - 2 potions of heal wounds {unknown}
 s - a potion of degeneration {unknown}
 t - a potion of mutation {unknown}
Comestibles
 f - 3 rations


   Skills:
 + Level 4.5 Fighting
 * Level 8.5 Maces & Flails
 + Level 5.1 Armour
 - Level 0.2 Dodging
 + Level 5.2 Shields


You had 7 spell levels left.
You didn't know any spells.
Your spell library was empty.

Dungeon Overview and Level Annotations

Branches:
Dungeon (4/15)             Temple (1/1) D:4

Altars:
Ashenzari
Cheibriados
Dithmenos
Elyvilon
Fedhas
Gozag
Hepliaklqana
Kikubaaqudgha
Makhleb
Nemelex Xobeh
Okawaru
Qazlal
Ru
Sif Muna
Trog
Uskayaw
Vehumet
Wu Jian
Xom
Yredelemnul
Zin
The Shining One


Innate Abilities, Weirdness & Mutations

You are resistant to torment.
Your stone body is resilient. (AC +5)
You are immune to poison.
You resist negative energy. (rN+)
You are resistant to electric shocks. (rElec)
You can survive without breathing.
You are immune to petrification.
You are immune to rotting.


Message History

The orc priest hits you with a flail. You block the orc wizard's attack.
You closely miss the orc priest.
The orc priest is lightly wounded.
The orc wizard gestures wildly while chanting.
The orc wizard blinks!
The orc wizard gestures at you while chanting.
The puff of flame hits you! The fire burns you terribly!
* * * LOW HITPOINT WARNING * * *
The orc priest looks satisfied for a moment.
You feel better. The orc wizard casts a spell at you.
You resist with some effort.
The orc priest invokes the aid of Beogh against you.
Beogh smites you!
* * * LOW HITPOINT WARNING * * *
You hit the orc priest.
The orc priest is moderately wounded.
The orc wizard gestures at you while chanting.
The magic dart hits you!
You die...

#####.######.# ..#..#
............#####.. #...#
..................# #[..#
#............# ...# #...#
##.......##..# #..##
#...##### #........#..#
#...###.......# #...........#
#...##......###
##..........###)o.#....##...#
#..........##o@.o....## ####
#................##.##
#........###....###.##
#...#.....## ###.####..###
....####.## ##...#.....## ###
##..# #.## ##.#.....#...###.#
#..####.##......##....##
##...#..##...##....#### #
#......###..###...##


You could see an orc priest and 2 orc wizards.

Vanquished Creatures
  Pikel (D:4)
  Sigmund (D:4)
  Edmund (D:4)
  A phantom (D:4)
  2 ogres (D:4)
  Blork the orc (D:4)
  3 orc priests
  2 orc wizards
  4 worker ants (D:4)
  A howler monkey skeleton (D:4)
  2 adders (D:2)
  An ooze (D:2)
  2 adder skeletons (D:4)
  A worm (D:3)
  2 dart slugs
  6 leopard geckos
  4 orcs
  A ball python (D:1)
  2 bats
  3 giant cockroaches
  7 goblins
  5 hobgoblins
  6 jackals
  A ball python skeleton (D:4)
  4 frilled lizards
  7 kobolds
  8 rats
79 creatures vanquished.

Vanquished Creatures (others)
  A slave (D:4)
  2 orcs (D:4)
  A giant cockroach (D:4)
4 creatures vanquished.

Grand Total: 83 creatures vanquished

Notes
Turn   | Place    | Note
-------+----------+-------------------------------------------
     0 | D:1      | IceCat the Gargoyle Fighter began the quest for the Orb.
     0 | D:1      | Reached XP level 1. HP: 14/14 MP: 1/1
    88 | D:1      | Reached XP level 2. HP: 19/19 MP: 2/2
   462 | D:1      | Reached XP level 3. HP: 23/23 MP: 3/3
  1068 | D:2      | Reached XP level 4. HP: 28/28 MP: 4/4
  1659 | D:3      | Reached skill level 3 in Maces & Flails
  1848 | D:3      | Reached XP level 5. HP: 33/33 MP: 5/5
  2166 | D:4      | Noticed Blork the orc
  2179 | D:4      | Killed Blork the orc
  2179 | D:4      | Reached skill level 4 in Maces & Flails
  2191 | D:4      | Noticed an ogre
  2225 | D:4      | Noticed Pikel
  2225 | D:4      | Noticed a slave
  2225 | D:4      | Noticed a slave
  2225 | D:4      | Noticed a slave
  2257 | D:4      | Reached XP level 6. HP: 38/38 MP: 6/6
  2400 | D:4      | Found a burning altar of Makhleb.
  2448 | D:4      | Noticed a slave
  2463 | D:4      | Killed Pikel
  2463 | D:4      | Reached skill level 6 in Maces & Flails
  2463 | D:4      | Reached XP level 7. HP: 39/43 MP: 7/7
  2646 | D:4      | Noticed Edmund
  2652 | D:4      | Killed Edmund
  2652 | D:4      | Reached skill level 7 in Maces & Flails
  2660 | D:4      | Reached skill level 5 in Shields
  2660 | D:4      | Reached XP level 8. HP: 36/48 MP: 8/8
  2671 | D:4      | Noticed Sigmund
  2690 | D:4      | Killed Sigmund
  2970 | D:4      | Reached skill level 8 in Maces & Flails
  3073 | D:4      | Reached skill level 5 in Armour
  3115 | D:4      | Found a staircase to the Ecumenical Temple.
  3120 | Temple   | Entered the Ecumenical Temple
  3230 | Temple   | Became a worshipper of Warmaster Okawaru
  3390 | D:4      | Killed from afar by an orc wizard

Skill      XL: |  1  2  3  4  5  6  7  8 |
---------------+-------------------------+-----
Armour         | 4 5 |  5.1
Maces & Flails | 3 4 6 7 8 |  8.5
Shields        | 4 5 |  5.2
Fighting       | 4 |  4.5
Dodging        | |  0.2

Action                   |  1- 3 |  4- 6 |  7- 9 || total
-------------------------+-------+-------+-------++-------
Melee: Flail             |   148 |   186 |    83 ||   417
       Whip              |       |       |    13 ||    13
  Use: Potion            |       |       |     2 ||     2
  Eat: Chunk             |       |     6 |     2 ||     8
Armor: Scale mail        |    83 |       |       ||    83
       Plate armour      |    49 |   150 |    41 ||   240
Dodge: Dodged            |    41 |    39 |     8 ||    88
Block: Shield            |   103 |    92 |    35 ||   230
